Map: 2000 Atmospheres LE

Players

Serral - Winner!

  • Race: Zerg Zerg

Reynor

  • Race: Zerg Zerg

Event: IEM Katowice 2022

VOD

https://youtu.be/Wlt2-w6wcnk

Description

Time

  • Played on: Feb. 27, 2022, 7:42 a.m.
  • Length: 7:02

All games in this series

Show
View Real Time Build Order
Export as new Build Order

Serral Zerg - Winner!

Build Orders: Hatch First 

Get SALT Encoding   

  12  0:00  Drone  
  13  0:12  Overlord  
  13  0:16  Drone  
  14  0:30  Drone x2  
  16  0:47  Hatchery  
  15  0:51  Drone  
  15  0:54  Drone  
  17  0:57  Drone  
  18  1:08  Extractor  
  17  1:12  Spawning Pool  
  17  1:15  Drone  
  17  1:19  Drone  
  18  1:27  Drone  
  19  1:38  Drone  
  20  1:49  Drone  
  21  1:59  Queen x2  
  21  2:00  Zergling x2  
  21  2:01  Overlord  
  26  2:10  Drone x2  
  26  2:11  Metabolic Boost  
  28  2:20  Drone  
  28  2:21  Drone  
  30  2:31  Zergling x2  
  30  2:32  Zergling x2  
  32  2:37  Hatchery  
  32  2:42  Drone  
  32  2:47  Baneling Nest  
  32  2:48  Overlord  
  31  2:53  Drone  
  31  2:54  Drone  
  33  3:03  Queen  
  35  3:06  Drone  
  35  3:09  Drone x2  
  35  3:10  Drone  
  39  3:15  Overlord  
  39  3:18  Zergling x4  
  41  3:22  Zergling x2  
  41  3:23  Drone  
  43  3:28  Drone  
  43  3:30  Evolution Chamber  
  43  3:31  Drone  
  44  3:39  Drone x4  
  48  3:42  Drone x2  
  48  3:44  Drone  
  48  3:46  Drone  
  52  3:52  Lair  
  52  3:54  Extractor  
  51  4:02  Zerg Missile Weapons Level 1  
  51  4:03  Roach Warren, Drone  
  51  4:05  Drone  
  51  4:07  Drone  
  51  4:09  Overlord  
  53  4:11  Drone  
  53  4:13  Drone  
  53  4:14  Drone  
  56  4:18  Drone x2  
  56  4:22  Overlord  
  58  4:28  Overlord  
  58  4:29  Drone x3  
  58  4:30  Drone  
  62  4:33  Baneling  
  62  4:34  Drone x2  
  62  4:38  Zergling x2  
  64  4:39  Drone  
  64  4:41  Drone x3  
  68  4:47  Overlord, Extractor x2  
  68  4:51  Roach  
  68  4:52  Roach x3  
  73  4:55  Glial Reconstitution  
  73  4:58  Extractor  
  72  5:04  Roach x2  
  76  5:15  Zergling x6  
  79  5:21  Overlord  
  79  5:25  Roach x5  
  79  5:26  Overlord x2  
  79  5:27  Overlord x2  
  89  5:30  Overlord  
  89  5:45  Overlord  
  89  5:47  Nydus Network  
  89  5:48  Roach x6  
  99  5:54  Roach x3  
  102  6:00  Overseer  
  102  6:02  Roach  
  102  6:03  Roach x3  
  109  6:07  Roach x2  
  111  6:14  Roach x3  
  111  6:15  Roach  
  119  6:20  Roach x2  
  119  6:23  Nydus Canal  
  119  6:24  Roach  
  125  6:27  Roach  
  127  6:39  Roach  
Show
View Real Time Build Order
Export as new Build Order

Reynor Zerg 

Build Orders: Hatch First 

Get SALT Encoding   

  12  0:00  Drone  
  13  0:11  Overlord  
  13  0:17  Drone  
  14  0:31  Drone x2  
  16  0:49  Hatchery  
  15  0:51  Drone  
  15  0:54  Drone  
  17  0:58  Drone  
  18  1:08  Extractor  
  17  1:13  Spawning Pool  
  17  1:15  Drone  
  17  1:20  Drone  
  18  1:27  Drone  
  19  1:38  Drone  
  20  1:49  Drone  
  21  1:59  Overlord  
  21  2:00  Queen x2  
  26  2:01  Zergling x2  
  26  2:09  Metabolic Boost  
  26  2:10  Drone  
  26  2:11  Drone  
  28  2:21  Drone  
  28  2:22  Drone  
  30  2:33  Hatchery  
  30  2:36  Drone  
  30  2:38  Drone  
  30  2:43  Drone  
  30  2:44  Drone  
  33  2:50  Baneling Nest  
  32  2:53  Drone  
  32  2:55  Overlord  
  33  3:03  Drone  
  35  3:05  Drone  
  35  3:10  Drone  
  36  3:13  Overlord  
  36  3:14  Queen  
  36  3:16  Zergling x4  
  36  3:18  Drone  
  41  3:20  Drone  
  41  3:22  Drone  
  43  3:27  Drone  
  43  3:30  Evolution Chamber  
  43  3:31  Drone  
  44  3:35  Lair  
  44  3:39  Drone x2  
  46  3:42  Drone x2  
  46  3:47  Drone x2  
  46  3:48  Drone  
  51  3:49  Drone  
  51  3:50  Drone  
  53  3:59  Drone  
  53  4:00  Extractor  
  53  4:01  Roach Warren, Extractor  
  50  4:04  Zergling x4  
  50  4:06  Roach Warren, Drone  
  53  4:11  Roach Warren  
  53  4:12  Zerg Missile Weapons Level 1  
  53  4:13  Drone x2  
  53  4:14  Drone  
  56  4:18  Drone, Overlord  
  56  4:22  Overlord  
  57  4:29  Overlord  
  57  4:37  Overlord  
  57  4:38  Drone x6  
  63  4:39  Drone, Extractor  
  63  4:41  Drone  
  63  4:44  Drone x2  
  66  4:46  Drone x2  
  66  4:49  Drone x2  
  66  4:51  Drone  
  71  4:56  Spire  
  71  4:57  Drone  
  71  5:00  Extractor x2  
  71  5:01  Drone x2  
  71  5:03  Drone  
  72  5:07  Glial Reconstitution  
  72  5:09  Drone  
  72  5:10  Drone  
  72  5:12  Overlord  
  74  5:16  Drone x2  
  74  5:20  Drone x2  
  77  5:21  Overseer  
  77  5:36  Roach x7  
  77  5:38  Roach  
  77  5:39  Hatchery, Baneling x2  
  77  5:40  Baneling  
  77  5:42  Overlord  
  92  5:53  Overlord  
  92  5:55  Drone x2  
  87  6:07  Mutalisk x3  
  87  6:08  Mutalisk x2  
  87  6:09  Roach  
  87  6:10  Roach x2  
  103  6:11  Queen  
  103  6:13  Queen  
  103  6:15  Overlord, Roach  
  109  6:19  Roach  
  109  6:22  Overlord  
  113  6:28  Spore Crawler  
  113  6:33  Roach x2  
  113  6:34  Spine Crawler  
  107  6:41  Roach x5  
  107  6:45  Roach Warren  

Tags
 
Add a new tag
Caveats
  • Supply blocks, unpowered buildings, or Contaminate may cause inaccurate times.
  • Supply counts are checked every 10 seconds.